 Dungeon Crawl Stone Soup version 0.26.0-16-gc1dbca0489 (webtiles) character file.

Game seed: 11810038682706353124

128 kaeus the Insei (level 5, -4/26 HPs)
             Began as a Vine Stalker Transmuter on Jan 19, 2021.
             Slain by Crazy Yiuf
             ... wielding a +3 quarterstaff of chaos
              (6 damage)
             ... on level 2 of the Dungeon.
             The game lasted 00:06:26 (2035 turns).

kaeus the Insei (Vine Stalker Transmuter)           Turns: 2035, Time: 00:06:27

Health: -4/26      AC:  6    Str: 12    XL:     5   Next: 12%
Magic:  0/9        EV:  9    Int: 13    God:
Gold:   135        SH:  0    Dex: 16    Spells: 8/9 levels left

rFire    . . .     SeeInvis .     - Unarmed
rCold    . . .     Faith    +   (no shield)
rNeg     . . .     Spirit   +   i - +0 scale mail
rPois    .         Reflect  .   (no helmet)
rElec    .         Harm     .   (no cloak)
rCorr    .         Rampage  .   (no gloves)
Will     .....                  (no boots)
Stlth    ..........             a - amulet of faith
HPRegen  0.48/turn              (no ring)
MPRegen  0.11/turn              (no ring)

@: lethally poisoned (-4 -> -4), attractive
A: fangs 2, regeneration 1, magic shield, antimagic bite, no potion heal 3
a: no special abilities


You were on level 2 of the Dungeon.
You visited 1 branch of the dungeon, and saw 2 of its levels.

You collected 135 gold pieces.

Inventory:

Armour
 i - a +0 scale mail (worn)
Jewellery
 a - an amulet of faith (around neck)
Scrolls
 b - a scroll of immolation {unknown}
 d - a scroll of teleportation {unknown}
 e - a scroll of remove curse {unknown}
 h - a scroll of noise {unknown}
 j - a scroll of enchant weapon {unknown}
 l - a scroll of amnesia {unknown}
 m - a scroll of identify {unknown}
Potions
 c - a potion of ambrosia {unknown}
 f - a potion of cancellation


   Skills:
 + Level 2.0 Fighting
 + Level 1.2 Armour
 + Level 2.1 Dodging
 + Level 3.6 Unarmed Combat
 - Level 2.5 Spellcasting
 + Level 2.9 Transmutations


You had 8 spell levels left.
You knew the following spells:

 Your Spells              Type           Power        Failure   Level
a - Beastly Appendage     Tmut           18%          36%         1

Your spell library contained the following spells:

 Spells                   Type           Power        Failure   Level
 Wereblood                Tmut           9%           52%         2
 Spider Form              Tmut/Pois      2%           91%         3
 Ice Form                 Ice/Tmut       5%           100%        4
 Blade Hands              Tmut           4%           100%        5


Dungeon Overview and Level Annotations

Branches:
Dungeon (2/15)

Altars:
Nemelex Xobeh

Annotations:
D:2 Crazy Yiuf


Innate Abilities, Weirdness & Mutations

You have extremely sharp teeth.
Your natural rate of healing is unusually fast.
When hurt, damage is shared between your health and your magic reserves.
Your bite disrupts and absorbs the magic of your enemies.
Potions cannot restore your health.


Message History

Casting: Beastly Appendage (safe; 36% risk of failure)
Confirm with . or Enter, or press ? or * to list all spells.
You miscast Beastly Appendage.
You are very lightly contaminated with residual magic.
Nothing appears to happen.
You feel sick.
Crazy Yiuf grits, "Line!"
Crazy Yiuf hits you with a +3 quarterstaff of chaos!
* * * LOW HITPOINT WARNING * * *
Crazy Yiuf burns you.
* * * LOW HITPOINT WARNING * * *
It was a potion of cancellation.
You feel magically purged.
Your magical contamination has completely faded away.
You feel sick.
It was a potion of heal wounds.
That seemed strangely inert.
Crazy Yiuf grits, "Blight!
Pitchfork senile sing."
Crazy Yiuf misses you.
It was a potion of attraction.
You feel attractive to monsters.
Crazy Yiuf hits you with a +3 quarterstaff of chaos!
You die...

#.#†##.......##.#
#.#.##..........#
#.#.##..........#
######'#'#...........#
#..........).........############
#.........<############.........#
#.........[# #.........#
#..........# ##### #.........#
###....#.#.# #.@)# ##.........#
..÷........# #.g.# #'..........
...........# #...# ##..........
###....#.#.# ##'## #..........
######.#.# ♣♣.♣ #.......... #.#.#
♣.♣♣ #.........# ##+#'# ♣♣.♣
#.......... #....# ♣.♣♣
#.......### #....# ♣♣.♣♣
#.......#


You could see Crazy Yiuf.

Vanquished Creatures
  Terence (D:2)
  An iguana (D:2)
  4 adders (D:2)
  An ooze (D:2)
  A worm (D:2)
  3 dart slugs (D:2)
  A leopard gecko (D:2)
  4 bats
  A giant cockroach (D:2)
  6 goblins
  2 hobgoblins
  2 frilled lizards
  4 kobolds (D:2)
  A rat (D:1)
32 creatures vanquished.

Notes
Turn   | Place    | Note
-------+----------+-------------------------------------------
     0 | D:1      | kaeus the Vine Stalker Transmuter began the quest for the
                  | Orb.
     0 | D:1      | Reached XP level 1. HP: 9/9 MP: 4/4
   356 | D:1      | Reached skill level 1 in Fighting
   631 | D:2      | Noticed Terence
   669 | D:2      | Killed Terence
   670 | D:2      | Reached XP level 2. HP: 10/14 MP: 3/6
   670 | D:2      | Reached XP level 3. HP: 12/18 MP: 3/7
  1235 | D:2      | Reached skill level 1 in Armour
  1235 | D:2      | Gained mutation: Your natural rate of healing is unusually
                  | fast. [Vine Stalker growth]
  1235 | D:2      | Reached XP level 4. HP: 13/22 MP: 6/8
  1493 | D:2      | Found a sparkling altar of Nemelex Xobeh.
  1621 | D:2      | Found a runed translucent door.
  1622 | D:2      | Noticed Crazy Yiuf
  1665 | D:2      | Reached XP level 5. HP: 18/26 MP: 9/9
  2027 | D:2      | Paralysed by Crazy Yiuf for 3 turns
  2031 | D:2      | HP: 1/26 [Crazy Yiuf/+3 quarterstaff of chaos (2)]
  2035 | D:2      | Slain by Crazy Yiuf

Illustrated notes

Levels and vault maps discovered:
D:1:      tarquinn_simple_flora_water_b, layout_loops_cross
D:2:      layout_basic, nemelex_altar_shiori, uniq_terence,
          uniq_crazy_yiuf_cottage

Skill      XL: |  1  2  3  4 |
---------------+-------------+-----
Fighting       | 1 2 |  2.0
Armour         | 1 |  1.2
Dodging        | 2 |  2.1
Unarmed Combat | |  3.6
Spellcasting   | |  2.5
Transmutations | |  2.9

Action                   |  1- 3 |  4- 6 || total
-------------------------+-------+-------++-------
Melee: Unarmed           |    62 |    75 ||   137
       Bite              |    17 |    18 ||    35
       Kick              |     3 |       ||     3
       Headbutt          |     2 |       ||     2
       Punch             |     2 |     3 ||     5
 Cast: Beastly Appendage |     1 |       ||     1
  Use: Potion            |       |     3 ||     3
Armor: Ring mail         |    10 |       ||    10
       Robe              |     1 |       ||     1
       Scale mail        |    15 |    40 ||    55
Dodge: Dodged            |    33 |    28 ||    61
